 Dungeon Crawl Stone Soup version 0.31.0-11-ge490571c62 (webtiles) character file.

Game seed: 1365615347680654413

289 Ackro the Purveyor of Pain (level 6, 0/33 HPs)
             Began as a Deep Elf Necromancer on Jan 30, 2024.
             Was an Initiate of Kikubaaqudgha.
             Slain by a gnoll
             ... wielding a +0 flail
              (9 damage)
             ... on level 4 of the Dungeon.
             The game lasted 00:18:45 (3318 turns).

Ackro the Purveyor of Pain (Deep Elf Necromancer)   Turns: 3318, Time: 00:18:46

Health: 0/33       AC:  2    Str: 10    XL:     6   Next: 9%
Magic:  10/16      EV:  7    Int: 22    God:    Kikubaaqudgha [......]
Gold:   242        SH:  0    Dex: 15    Spells: 7/15 levels left

rFire   + . .        j - +5 falchion of Haunted Valiance {drain, rF+ Str+5}
rCold   . . .        (no shield)
rNeg    . . .        a - +0 robe
rPois   .            (no helmet)
rElec   .            (no cloak)
rCorr   .            (no gloves)
SInv    .            (no boots)
Will    +....        (no amulet)
Stlth   ++           h - ring of willpower
HPRegen 0.25/turn    (no ring)
MPRegen 0.15/turn

%: no passive effects
@: animating dead, held
A: no striking features
a: Renounce Religion


You were on level 4 of the Dungeon.
You worshipped Kikubaaqudgha.
Kikubaaqudgha was noncommittal.
You visited 2 branches of the dungeon, and saw 5 of its levels.

You collected 242 gold pieces.

Inventory:

Hand Weapons
 j - the +5 falchion of Haunted Valiance (weapon) {drain, rF+ Str+5}
   (You found it on level 2 of the Dungeon)

   Str+5:     It affects your strength (+5).
   rF+:       It protects you from fire.
Armour
 a - a +0 robe (worn)
Jewellery
 h - a ring of willpower (left hand)
Scrolls
 c - 2 scrolls of identify {unknown}
 d - a scroll of poison {unknown}
 f - a scroll of noise {unknown}
 k - 2 scrolls of enchant weapon {unknown}
 l - a scroll of amnesia {unknown}
 n - a scroll of vulnerability {unknown}
 p - a scroll of immolation {unknown}
 q - a scroll of enchant armour {unknown}
 s - a scroll of teleportation {unknown}
Potions
 b - a potion of magic
 e - 2 potions of curing {unknown}
 g - 3 potions of heal wounds {unknown}
 i - a potion of cancellation {unknown}
 m - 2 potions of attraction {unknown}
 o - 2 potions of degeneration {unknown}
 r - a potion of lignification {unknown}
 t - a potion of haste {unknown}
 u - a potion of enlightenment {unknown}


   Skills:
 + Level 0.4 Fighting
 + Level 1.4 Long Blades
 + Level 3.0 Dodging
 + Level 2.7 Stealth
 + Level 5.4 Spellcasting
 + Level 6.9 Necromancy


You had 7 spell levels left.
You knew the following spells:

 Your Spells              Type           Power      Damage    Failure   Level
a - Necrotise             Necr           100%       1d9       1%          1
b - Animate Dead          Necr           36%        N/A       5%          4
c - Vampiric Draining     Necr           36%        2d8       1%          3

Your spell library contained the following spells:

 Spells                   Type           Power      Damage    Failure   Level
 Magic Dart               Conj           24%        1d4       10%         1
 Blink                    Tloc           12%        N/A       14%         2
 Call Imp                 Summ           12%        N/A       14%         2
 Curse of Agony           Necr           36%        N/A       16%         5


Dungeon Overview and Level Annotations

Branches:
Dungeon (4/15)             Temple (1/1) D:4

Altars:
Dithmenos
Elyvilon
Fedhas
Gozag
Hepliaklqana
Kikubaaqudgha
Makhleb
Nemelex Xobeh
Okawaru
Qazlal
Wu Jian
Yredelemnul


Message History

You kill the endoplasm!
Kikubaaqudgha accepts your kill.
Your kobold skeleton crumbles into dust!
Magic restored.
Found a stone staircase leading down.
You hear the slow hiss of a very distant avalanche of sand.
You now have 218 gold pieces (gained 12).
Found an escape hatch in the floor.
You hear the slow hiss of a very distant avalanche of sand.
Found a stone staircase leading down.
g - 3 puce potions (gained 1)
You now have 235 gold pieces (gained 17).
Found a quarterstaff.
You see here a +0 quarterstaff.
You now have 242 gold pieces (gained 7).
You hear the hiss of a very distant avalanche of sand.
There is a stone staircase leading down here.
A gnoll comes into view.
It is wielding a +0 flail and quivering a throwing net.
The gnoll shouts!
You hear a shout! x3
Casting: Necrotise (safe; 1% risk of failure)
Confirm with . or Enter, or press ? or * to list all spells.
You call upon the dead to rise.
The gnoll throws a throwing net.
The throwing net hits you.
You become entangled in the net!
Aiming: Necrotise (safe; 1% risk of failure)
Press: ? - help, Q - select action, (/) - cycle Shift-Dir - straight line, f - gnoll
Aim: a gnoll, wielding a +0 flail (chance to affect: 88%)
The gnoll writhes in agony.
Aiming: Necrotise (safe; 1% risk of failure)
Press: ? - help, Q - select action, (/) - cycle Shift-Dir - straight line, f/p - gnoll
Aim: a gnoll, wielding a +0 flail (lightly wounded, chance to affect: 88%)
The gnoll writhes in agony.
A gnoll comes into view. It is wielding a +0 halberd.
You struggle against the net.
The gnoll hits you with a +0 flail!
A gnoll comes into view. It is wielding a +0 flail.
You struggle against the net.
The gnoll hits you from afar with a +0 halberd!
* * * LOW HITPOINT WARNING * * *
The gnoll hits you with a +0 flail!
You die...
Kikubaaqudgha rasps: "You have failed me!
Welcome... death!"

#...#.# #.#.####
#...#.# #.#.##..
#...#.# #.#.##.#
#...#.# #.#.##.# ##
#...#.# #.#.##.# #8g
#...#.###.#.##.# #..
### ###........>.
#..g##8###8##......#.#
#...g@.............#.#
#8............##.......
##.....................
##8###8###8####.......
## ### ###..........
.##............
........####.# #......#
#.# #......# #.#


You could see 3 gnolls.

Vanquished Creatures
  Grinder (D:3)
  2 adders (D:2)
  8 ball pythons
  10 endoplasms
  2 giant cockroaches
  4 goblins
  A hobgoblin (D:2)
  7 jackals
  3 quokkas
  9 bats
  3 frilled lizards (D:2)
  5 kobolds
  12 rats
67 creatures vanquished.

Vanquished Creatures (collateral kills)
  A hobgoblin (D:1)
  A quokka (D:1)
  A bat (D:2)
  A frilled lizard (D:3)
  2 kobolds (D:1)
  2 rats
8 creatures vanquished.

Grand Total: 75 creatures vanquished

Notes
Turn   | Place    | Note
-------+----------+-------------------------------------------
     0 | D:1      | Ackro the Deep Elf Necromancer began the quest for the Orb.
     0 | D:1      | Reached XP level 1. HP: 10/10 MP: 6/6
    38 | D:1      | Reached skill level 5 in Necromancy
   164 | D:1      | You fall into a shaft and drop 1 floor!
   251 | D:2      | Reached XP level 2. HP: 15/15 MP: 6/8
   657 | D:2      | Reached XP level 3. HP: 13/19 MP: 5/9
   784 | D:2      | Identified the +5 falchion of Haunted Valiance {drain, rF+
                  | Str+5}
  1355 | D:2      | Reached skill level 6 in Necromancy
  2125 | D:3      | Reached XP level 4. HP: 24/24 MP: 10/12
  2130 | D:3      | Learned a level 4 spell: Animate Dead
  2134 | D:3      | Learned a level 3 spell: Vampiric Draining
  2174 | D:3      | Noticed Grinder
  2196 | D:3      | Killed Grinder
  2197 | D:3      | Reached skill level 1 in Long Blades
  2197 | D:3      | Reached skill level 5 in Spellcasting
  2197 | D:3      | Reached XP level 5. HP: 3/28 MP: 11/14
  2391 | D:3      | Reached XP level 6. HP: 33/33 MP: 13/16
  3070 | D:4      | Found a staircase to the Ecumenical Temple.
  3077 | Temple   | Entered the Ecumenical Temple
  3095 | Temple   | Became a worshipper of Kikubaaqudgha
  3114 | D:4      | Found an ornate altar of the Wu Jian Council.
  3318 | D:4      | Slain by a gnoll

Illustrated notes

Levels and vault maps discovered:
D:1:      onia_arrival_handbag, layout_rooms
D:2:      minmay_general_purpose_star, layout_basic
D:3:      layout_basic, uniq_grinder
D:4:      layout_basic, nicolae_wu_jian_wuxing_cycle,
          minmay_temple_entry_overgrown, nicolae_ossuary_entry_ruins,
          serial_corexii_hall, chequers_hall_statues_y, corexii_hall_statues_l,
          corexii_hall_statues_s, corexii_hall_statues_t,
          minmay_misc_feat_tower, amethyst_killhole
Temple:   nicolae_temple_bog_church

Skill      XL: |  1  2  3  4 |
---------------+-------------+-----
Necromancy     | 5 6 |  6.9
Spellcasting   | 4 5 |  5.4
Long Blades    | 1 |  1.4
Dodging        | 3 |  3.0
Fighting       | |  0.4
Stealth        | |  2.7

Action                     |  1- 3 |  4- 6 || total
---------------------------+-------+-------++-------
  Melee: Unarmed           |     1 |       ||     1
         Falchion          |     1 |    12 ||    13
   Cast: Necrotise         |    68 |    32 ||   100
         Animate Dead      |       |     3 ||     3
 Armour: Robe              |     7 |     6 ||    13
  Dodge: Dodged            |    13 |     6 ||    19
